 Dungeon Crawl Stone Soup version 0.30-a0-29-g142975f185 (webtiles) character file.

Game seed: 14517360661656009240

154 Nedwor the Chopper (level 5, -5/47 HPs)
             Began as a Hill Orc Fighter on Aug 26, 2022.
             Killed from afar by an orc wizard (7 damage)
             ... with a magic dart
             ... on level 4 of the Dungeon.
             The game lasted 00:03:03 (2794 turns).

Nedwor the Chopper (Hill Orc Fighter)               Turns: 2794, Time: 00:03:04

Health: -5/47      AC:  9    Str: 21    XL:     5   Next: 35%
Magic:  5/5        EV:  9    Int:  8    God:
Gold:   198        SH:  4    Dex: 10    Spells: 4/4 levels left

rFire   . . .      SeeInvis .    a - +0 war axe
rCold   . . .      Faith    .    c - +0 buckler
rNeg    . . .      Spirit   .    b - +0 scale mail
rPois   .          Reflect  .    (no helmet)
rElec   .          Harm     .    (no cloak)
rCorr   .          Rampage  .    o - +1 pair of gloves
Will    .....                    (no boots)
Stlth   ..........               (no amulet)
HPRegen 0.15/turn                (no ring)
MPRegen 0.09/turn                (no ring)

@: no status effects
A: no striking features
a: no special abilities


You were on level 4 of the Dungeon.
You visited 1 branch of the dungeon, and saw 4 of its levels.

You collected 198 gold pieces.

Inventory:

Hand Weapons
 a - a +0 war axe (weapon)
Armour
 b - a +0 scale mail (worn)
 c - a +0 buckler (worn)
 o - a +1 pair of gloves (worn)
Jewellery
 i - an amulet of faith
 l - an amulet of guardian spirit
Scrolls
 k - a scroll of identify
 p - a scroll of summoning {unknown}
 q - a scroll of butterflies {unknown}
Potions
 d - a potion of might
 e - 4 potions of brilliance
 f - 2 potions of resistance
 g - a potion of haste {unknown}
 h - a potion of curing {unknown}
 j - 2 potions of cancellation {unknown}
 m - a potion of heal wounds {unknown}
 n - 2 potions of lignification {unknown}


   Skills:
 + Level 4.3 Fighting
 * Level 4.5 Axes
 + Level 4.0 Armour
 + Level 1.3 Dodging
 + Level 4.0 Shields


You had 4 spell levels left.
You didn't know any spells.
Your spell library contained the following spells:

 Spells                   Type           Power      Damage    Failure   Level
 Apportation              Tloc           0%         N/A       83%         1
 Freeze                   Ice            0%         1d3       83%         1
 Magic Dart               Conj           0%         1d3       83%         1
 Slow                     Hex            0%         N/A       83%         1
 Call Imp                 Summ           0%         N/A       92%         2
 Ensorcelled Hibernation  Hex/Ice        0%         N/A       92%         2
 Passwall                 Tmut/Erth      0%         N/A       92%         2
 Confusing Touch          Hex            0%         N/A       99%         3
 Frozen Ramparts          Ice            0%         1d1       99%         3
 Mephitic Cloud           Conj/Pois/Air  0%         N/A       99%         3
 Summon Guardian Golem    Hex/Summ       0%         N/A       99%         3
 Swiftness                Air            0%         N/A       99%         3
 Vampiric Draining        Necr           0%         2d6       99%         3
 Hailstorm                Conj/Ice       0%         3d3       100%        4
 Alistair's Intoxication  Tmut/Pois      0%         N/A       100%        5
 Orb of Destruction       Conj           0%         9d5       100%        7
 Spellforged Servitor     Conj/Summ      0%         N/A       100%        7


Dungeon Overview and Level Annotations

Branches:
Dungeon (4/15)
 Temple: D:4-7

Altars:
Ashenzari
Gozag


Message History

The orc hits you but does no damage. The orc barely misses you.
Something hits you but does no damage. The orc barely misses you.
You barely miss the orc.
The orc is lightly wounded.
You hit the orc but do no damage. You closely miss something.
The orc hits you with a +0 flail. Something hits you but does no damage.
You block the orc's attack.
You slash the orc!
You kill the orc!
You hit something. You hit the orc. Something hits you but does no damage.
The orc hits you with a +0 hand axe. The orc barely misses you.
Something hits you but does no damage. Something hits you.
You hear some strange, mumbled words.
Something tries to affect you, but you resist.
The orc hits you with a +0 hand axe.
* * * LOW HITPOINT WARNING * * *
You see here a +0 flail.
You barely miss the orc.
The orc is almost dead.
The orc hits you but does no damage.
You hit the orc.
You kill the orc!
You hit something but do no damage.
You hear some strange, mumbled words.
A magic dart appears from out of thin air!
The magic dart hits you.
* * * LOW HITPOINT WARNING * * *
You barely miss something.
You hear some strange, mumbled words.
A magic dart appears from out of thin air!
The magic dart hits you.
* * * LOW HITPOINT WARNING * * *
Something hits you.
* * * LOW HITPOINT WARNING * * *
You hit something.
You hear some strange, mumbled words.
A magic dart appears from out of thin air!
The magic dart hits you!
You die...

.... #..# #..# ###.##.#
#..# ..#.##.# #..# ####
####.#.##.###..# .....
#.).........#..###
......#{##.#.##.#.#.....
#.....)@...#.##.#.#.####
#..#######.#.##.#.#.##..
#...#.##.#.#.##.#
#.#......#.#.#
#.#.#........#
....######.### ####.#
#.# #.# #.# #.# #.#


There were no monsters in sight!

Vanquished Creatures
  6 adders
  A worm (D:3)
  4 dart slugs
  6 orcs
  5 endoplasms
  9 giant cockroaches (D:2)
  6 goblins
  8 hobgoblins
  13 kobolds
  A quokka (D:2)
  5 ball pythons
  6 bats
  4 frilled lizards
  5 rats
79 creatures vanquished.

Vanquished Creatures (others)
  3 plants (D:4)
3 creatures vanquished.

Grand Total: 82 creatures vanquished

Notes
Turn   | Place    | Note
-------+----------+-------------------------------------------
     0 | D:1      | Nedwor the Hill Orc Fighter began the quest for the Orb.
     0 | D:1      | Reached XP level 1. HP: 19/19 MP: 1/1
   277 | D:1      | Reached XP level 2. HP: 27/27 MP: 2/2
   541 | D:1      | Found a faded altar of an unknown god.
   769 | D:2      | Reached XP level 3. HP: 28/33 MP: 3/3
  1069 | D:2      | Reached XP level 4. HP: 31/40 MP: 4/4
  1238 | D:2      | Reached skill level 1 in Dodging
  2024 | D:3      | Reached XP level 5. HP: 46/46 MP: 5/5
  2210 | D:3      | Found a broken altar of Ashenzari.
  2295 | D:3      | Found an opulent altar of Gozag.
  2793 | D:4      | HP: 2/47 [something (1)]
  2794 | D:4      | Killed from afar by an orc wizard

Illustrated notes

Levels and vault maps discovered:
D:1:      dpeg_arrival_solitude, layout_loops_ring,
          ebering_ecumenical_altar_mist, minmay_misc_feat_rows
D:2:      minmay_roachtagon, layout_basic, minmay_pentomino_w4
D:3:      layout_loops_ring, evilmike_ruin_ashenzari, grunt_gozag_statues,
          nicolae_overflow_hidden_temple, kennysheep_cross_room, minivault_27
D:4:      layout_basic, nicolae_hepliaklqana_hazy_memory, portal_sewer_entry_a

Skill      XL: |  1  2  3  4  5 |
---------------+----------------+-----
Axes           | 3 4 |  4.5
Fighting       | 4 |  4.3
Dodging        | 1 |  1.3
Armour         | 4 |  4.0
Shields        | 4 |  4.0

Action                   |  1- 3 |  4- 6 || total
-------------------------+-------+-------++-------
Melee: War axe           |    63 |   136 ||   199
  Use: Scroll            |       |     5 ||     5
Armor: Scale mail        |    28 |    88 ||   116
Dodge: Dodged            |    36 |    78 ||   114
Block: Buckler           |    13 |    24 ||    37

Table legend: (Time is in decaauts)
 A = Elapsed time spent in this place.
 B = Non-inter-level travel time spent in this place.
 C = Inter-level travel time spent in this place.
 D = Time resting spent in this place.
 E = Time spent auto-exploring this place.
 F = Levels seen in this place.
 G = Mean time per level.
                   A        B        C        D        E       F      G
               +--------+--------+--------+--------+--------+-----+--------+
         Total |   2860 |   2805 |     55 |    227 |   2037 |   4 |  715.0 |
       Dungeon |   2860 |   2805 |     55 |    227 |   2037 |   4 |  715.0 |
               +--------+--------+--------+--------+--------+-----+--------+

Top non-repeatable levels by time:
     D:2: 1164 daAuts
     D:1: 759 daAuts
     D:3: 758 daAuts
     D:4: 177 daAuts
